 Dungeon Crawl Stone Soup version 0.30-a0-335-ge5acde7520 (webtiles) character file.

Game seed: 7954758806808576732

201005 hnicke the Cloud Mage (level 18, -14/116 HPs)
             Began as a Tengu Air Elementalist on Oct 30, 2022.
             Was the Champion of Vehumet.
             Killed from afar by a merfolk aquamancer (40 damage)
             ... with a torrent of water
             ... on level 4 of the Shoals.
             The game lasted 05:27:13 (58944 turns).

hnicke the Cloud Mage (Tengu Air Elementalist)     Turns: 58944, Time: 05:27:15

Health: -14/116    AC:  5    Str: 11    XL:     18   Next: 53%
Magic:  17/37      EV: 17    Int: 39    God:    Vehumet [******]
Gold:   2575       SH: 11    Dex: 14    Spells: 4/46 levels left

rFire   + + +      SeeInvis +    W - staff of air
rCold   + + .      Faith    .    q - +1 kite shield {reflect}
rNeg    . . .      Spirit   .    V - +0 troll leather armour
rPois   .          Reflect  +    t - +1 hat of Greater Demons {rElec rF++ Int+5}
rElec   +          Harm     .    g - scarf {rC+ rF+}
rCorr   .          Rampage  .    (no gloves)
Will    +....                    (boots unavailable)
Stlth   ++++......               r - amulet of magic regeneration
HPRegen 1.19/turn                U - +6 ring of intelligence
MPRegen 0.65/turn                T - ring of the Mutiny {rElec rF+ rC+ Int+6 SInv}

@: flying quickly and evasively, studying Invocations, quick
A: beak, talons 3, nimble flight
}: 1/15 runes: serpentine
a: Renounce Religion


You were on level 4 of the Shoals.
You worshipped Vehumet.
Vehumet was exalted by your worship.
You visited 8 branches of the dungeon, and saw 33 of its levels.
You also visited: Bailey.

You collected 5427 gold pieces.
You spent 2852 gold pieces at shops.

Inventory:

Hand Weapons
 p - the +4 hammer "Hyxzum" {protect, rElec Will+ Int+3}
   (You found it on level 2 of the Dungeon)

   It grants its wielder temporary protection when it strikes (+7 to AC).
   Int:       It affects your intelligence (+3).
   rElec:     It insulates you from electricity.
   Will:      It increases your willpower.
 x - the +9 dagger of Demonkind {protect, +Blink MP+9 Dex-3 Stlth+}
   (You found it on level 3 of the Shoals)

   It grants its wielder temporary protection when it strikes (+7 to AC).
   Dex:       It affects your dexterity (-3).
   MP:        It affects your magic capacity (+9).
   +Blink:    It lets you blink.
   Stlth:     It makes you more stealthy.
Armour
 e - the -2 kite shield of the Desert {rElec rPois rN++ Slay-4}
   (You found it on level 4 of the Lair of Beasts)

   Slay:      It affects your accuracy & damage with ranged weapons and melee
   (-4).
   rElec:     It insulates you from electricity.
   rPois:     It protects you from poison.
   rN:        It greatly protects you from negative energy.
 g - a scarf of resistance (worn)
 q - a +1 kite shield of reflection (worn)
 t - the +1 hat of Greater Demons (worn) {rElec rF++ Int+5}
   (You acquired it on level 5 of the Lair of Beasts)

   Int:       It affects your intelligence (+5).
   rF:        It greatly protects you from fire.
   rElec:     It insulates you from electricity.
 E - an orb of mayhem
 O - a +3 leather armour of fire resistance
 V - a +0 troll leather armour (worn)
 X - +0 acid dragon scales
Magical Staves
 Q - a staff of fire
 W - a staff of air (weapon)
Jewellery
 i - an amulet of regeneration
 r - an amulet of magic regeneration (around neck)
 y - a +4 ring of protection
 J - a +4 ring of evasion
 K - an amulet of the acrobat
 P - the ring of Jojuah {rF++ Dex+3 SInv}
   (You found it on level 2 of the Shoals)

   [ring of see invisible]

   Dex:       It affects your dexterity (+3).
   rF:        It greatly protects you from fire.
   SInv:      It lets you see invisible.
 T - the ring of the Mutiny (right hand) {rElec rF+ rC+ Int+6 SInv}
   (You found it on level 10 of the Dungeon)

   [ring of intelligence]

   Int:       It affects your intelligence (+6).
   rF:        It protects you from fire.
   rC:        It protects you from cold.
   rElec:     It insulates you from electricity.
   SInv:      It lets you see invisible.
 U - a +6 ring of intelligence (left hand)
Wands
 a - a wand of flame (26)
 u - a wand of iceblast (10)
 B - a wand of charming (4)
 R - a wand of digging (8)
 S - a wand of polymorph (8)
 Y - a wand of light (8)
Scrolls
 f - 2 scrolls of fear
 j - 3 scrolls of magic mapping
 n - 4 scrolls of enchant weapon
 s - 4 scrolls of poison
 v - 12 scrolls of teleportation
 w - 2 scrolls of torment
 z - 11 scrolls of blinking
 A - 5 scrolls of immolation
 C - 3 scrolls of silence
 G - 6 scrolls of butterflies
 H - 4 scrolls of vulnerability
 I - 4 scrolls of amnesia
 M - 2 scrolls of enchant armour
 N - 2 scrolls of summoning
 Z - 4 scrolls of identify
Potions
 b - 6 potions of brilliance
 c - 4 potions of might
 d - 9 potions of attraction
 h - 9 potions of ambrosia
 k - 2 potions of resistance
 l - 12 potions of curing
 m - 2 potions of cancellation
 o - 14 potions of heal wounds
 D - 3 potions of haste
 F - 3 potions of mutation
 L - 5 potions of magic


   Skills:
 - Level 14.0 Fighting
 - Level 10.0 Dodging
 - Level 10.0 Stealth
 - Level 8.0 Shields
 - Level 14.5 Spellcasting
 - Level 17.4 Conjurations
 - Level 4.0 Hexes
 - Level 8.0 Summonings
 - Level 5.0 Transmutations
 + Level 21.4 Air Magic


You had 4 spell levels left.
You knew the following spells:

 Your Spells              Type           Power      Damage    Failure   Level
b - Static Discharge      Conj/Air       100%       2-7/arc   0%          2
c - Conjure Ball Lightni  Conj/Air       66%        3x3d25    1%          6
f - Shock                 Conj/Air       100%       1d9       0%          1
g - Summon Guardian Gole  Hex/Summ       66%        N/A       1%          3
i - Irradiate             Conj/Tmut      43%        3d26      1%          5
j - Arcjolt               Conj/Air       66%        1d76      1%          5
l - Lightning Bolt        Conj/Air       66%        1d90      1%          5
m - Maxwell's Capacitive  Air            69%        ∞         1%          8
s - Swiftness             Air            100%       N/A       0%          3
v - Airstrike             Air            69%        2d(10-26) 0%          4

Your spell library contained the following spells:

 Spells                   Type           Power      Damage    Failure   Level
 Ignition                 Fire           14%        3d6       100%        8
 Magic Dart               Conj           100%       1d8       0%          1
 Searing Ray              Conj           100%       2d8       0%          2
 Kiss of Death            Conj/Necr      100%       2d13      1%          1
 Summon Small Mammal      Summ           100%       N/A       1%          1
 Call Canine Familiar     Summ           74%        N/A       1%          3
 Dazzling Flash           Conj/Hex       100%       N/A       1%          3
 Ignite Poison            Fire/Tmut/Pois 41%        N/A       1%          3
 Inner Flame              Hex/Fire       44%        N/A       1%          3
 Kindle Blastsparks       Fire/Tloc/Air  100%       2d18      1%          3
 Flame Wave               Conj/Fire      77%        2d17      1%          4
 Fulminant Prism          Conj/Hex       42%        3d19      1%          4
 Sticky Flame             Conj/Fire      77%        2d9       1%          4
 Summon Lightning Spire   Summ/Air       100%       N/A       1%          4
 Confusing Touch          Hex            56%        N/A       2%          3
 Frozen Ramparts          Ice            56%        1d9       3%          3
 Apportation              Tloc           56%        N/A       4%          1
 Summon Ice Beast         Ice/Summ       56%        N/A       8%          4
 Gell's Gravitas          Tloc           28%        N/A       12%         3
 Ice Form                 Ice/Tmut       47%        N/A       14%         4
 Dispel Undead            Necr           28%        3d13      36%         4
 Passage of Golubria      Tloc           28%        N/A       36%         4
 Freezing Cloud           Conj/Ice/Air   57%        6-21      1%          5
 Silence                  Hex/Air        56%        N/A       1%          5
 Orb of Destruction       Conj           52%        9d13      1%          7
 Spellforged Servitor     Conj/Summ      45%        N/A       5%          7
 Storm Form               Tmut/Air       57%        N/A       14%         7
 Agony                    Necr           28%        N/A       73%         5
 Lehudib's Crystal Spear  Conj/Erth      38%        10d10     83%         8


Dungeon Overview and Level Annotations

Branches:
Dungeon (15/15)            Temple (1/1) D:7            Lair (5/5) D:9
 Shoals (4/4) Lair:3        Snake (4/4) Lair:3        Slime (0/5) Lair:4
    Orc (2/2) D:11            Elf (1/3) Orc:2        Vaults (0/5) D:14
 Depths (1/4) D:15         Bailey (visited)

Altars:
Ashenzari
Cheibriados
Dithmenos
Elyvilon
Fedhas
Gozag
Hepliaklqana
Kikubaaqudgha
Makhleb
Nemelex Xobeh
Okawaru
Qazlal
Ru
Sif Muna
Trog
Uskayaw
Vehumet
Wu Jian
Xom
Yredelemnul
Zin
The Shining One
Jiyva

Shops:
D:2 (   D:3 *   Orc:2 *[[[:   Shoals:2 ?   Snake:1 *

Annotations:
D:13 exclusion: downstairs
Lair:3 2 transporters, Koydelapt's ghost, journeyman GnFi
Shoals:4 Ilsuiw
Snake:1 3 runed translucent doors, Dulluad's ghost, adept DjFE; benitares's ghost, adept DEFE
Snake:3 2 transporters


Innate Abilities, Weirdness & Mutations

You have a beak for a mouth.
You have claws for feet.
Your magical nature lets you fly swiftly and evasively.


Message History

The bolt of lightning hits the merfolk aquamancer!
The merfolk aquamancer is moderately wounded.
You hear an angry hiss.
Ilsuiw, Witch of the Tides comes into view.
She is wielding a +3 trident of freezing.
Press: ? - help, v - describe, . - travel
Here: Ilsuiw, wielding a +3 trident of freezing and wearing a +0 robe The floor.
Casting: Lightning Bolt (safe; 1% risk of failure)
Confirm with . or Enter, or press ? or * to list all spells.
You feel a surge of power!
You begin accumulating electric charge. (Press . to continue charging.)
You feel charge building up...
Ilsuiw casts a spell.
Ilsuiw flickers and vanishes for a moment.
A merfolk javelineer comes into view.
It is wielding a +0 spear and quivering silver javelins.
You feel charge building up...
You feel charge building up...
A sea snake comes into view.
The merfolk javelineer throws a silver javelin.
The silver javelin closely misses you.
The silver javelin barely misses the merfolk.
The merfolk hits you from afar with a +0 trident!!
The merfolk aquamancer hits you with a +3 rapier of protection!
You feel charge building up...
Ilsuiw casts a spell.
Ilsuiw sings a water chant to call the tide!
The merfolk javelineer throws a silver javelin.
The silver javelin pierces through you!!
The silver javelin pierces through the merfolk.
A wind drake comes into view.
The merfolk hits you from afar with a +0 trident!
A merfolk impaler comes into view.
It is wielding a +2 trident of freezing.
You block the merfolk aquamancer's attack.
The insufficient charge dissipates harmlessly.
Ilsuiw casts a spell.
The merfolk hits you from afar with a +0 trident!!
* * * LOW HITPOINT WARNING * * *
The merfolk aquamancer casts a spell at you.
The torrent of water hits you!!!
You die... mE.. ..k. m.... .S...
EmEE.$

#m.....
##.......
#@m...$..
#~~.......
~m~P~......
~~~~PP~~.....
~~~~~~~~~PP~P..
~~P~~PPPPPP~~~.
~~~P~P~P~~P~~~~
P~~~~~P~≈~~P~~~


You could see Ilsuiw (invisible), a merfolk impaler (wandering), a merfolk
javelineer, a sea snake, a merfolk aquamancer, a wind drake (repels missiles), 2
merfolk and 4 water elementals.

Vanquished Creatures
  Nikola (Shoals:1)
  Rupert (D:14)
  Gastronok (D:9)
  4 nagarajas
  3 frost giants (Shoals:3)
  An orc warlord (Bailey)
  Azrael (D:14)
  A fire dragon (D:15)
  A rakshasa (D:13)
  4 salamander tyrants
  An ice dragon (D:15)
  Harold (D:9)
  An ogre mage (D:12)
  13 centaur warriors
  6 hydras
  2 anacondas
  2 catoblepae
  2 dancing weapons (D:14)
  2 death knights
  4 two-headed ogres
  A merfolk aquamancer (Shoals:3)
  A merfolk avatar (Shoals:3)
  3 boulder beetles
  9 naga warriors
  A tengu warrior (D:15)
  A deep troll earth mage (D:12)
  8 shock serpents
  An orc high priest (Orc:1)
  7 naga sharpshooters
  6 skeletal warriors
  5 sea snakes
  6 salamander mystics (Snake:4)
  A kraken simulacrum (Shoals:3)
  5 naga ritualists
  2 wizards (D:14)
  A lindwurm (Lair:4)
  The ghost of sausages the Cleaver, a novice HOBe of Trog (D:5)
  9 orc knights
  A phantasmal warrior (D:15)
  6 orc sorcerers
  10 harpies (Shoals:3)
  14 mana vipers
  17 salamanders
  4 deep elf pyromancers
  2 ugly things (D:10)
  3 manticores
  2 fauns (Shoals:2)
  Joseph (D:8)
  5 cyclopes
  32 black mambas
  9 elephants
  9 merfolk sirens
  16 naga magi
  3 water nymphs (Shoals:3)
  An orange demon (Lair:1)
  3 guardian serpents
  2 gargoyles
  20 cane toads
  3 kobold demonologists (D:11)
  7 komodo dragons
  4 efreet
  2 rime drakes (Lair:3)
  A komodo dragon (shapeshifter) (D:15)
  2 freezing wraiths
  4 tengu conjurers
  A queen bee (shapeshifter) (D:15)
  13 merfolk
  7 trolls
  34 blink frogs
  4 tyrant leeches (Lair:5)
  2 polar bears (Lair:5)
  9 slime creatures
  4 wind drakes
  9 dream sheep
  6 snapping turtles
  Sigmund (D:2)
  5 water elementals (Shoals:3)
  32 yaks
  5 fire elementals (D:14)
  3 wraiths
  6 wyverns
  3 basilisks
  11 vampire mosquitoes
  A sea snake simulacrum (Shoals:3)
  9 wargs
  Edmund (D:4)
  Menkaure (D:4)
  2 acid dragons
  2 harpy simulacra (Shoals:3)
  3 death yak simulacra (Shoals:3)
  33 nagas
  12 water moccasins
  3 hell hounds (D:14)
  62 orc warriors
  A sky beast (D:8)
  3 satyr simulacra (Shoals:3)
  2 ice beasts
  2 black bears
  3 wolves (Lair:5)
  8 ogres
  24 centaurs
  A phantom (D:6)
  5 kobold brigands
  13 bullfrogs
  3 gnoll sergeants
  4 scorpions
  7 necrophages
  15 wights
  A merfolk simulacrum (Shoals:3)
  2 faun simulacra (Shoals:3)
  A manticore simulacrum (Shoals:3)
  17 killer bees
  3 howler monkeys (D:10)
  A snapping turtle simulacrum (Shoals:3)
  4 electric eels
  7 hounds
  Crazy Yiuf (D:2)
  3 jellies
  15 orc priests
  A cyclops simulacrum (Shoals:3)
  2 gnoll boudas
  3 iguanas
  24 orc wizards
  4 centaur simulacra (Shoals:3)
  6 adders
  29 gnolls
  A shadow imp (D:7)
  2 white imps
  3 ufetubi
  A worm (D:2)
  7 dart slugs
  104 orcs
  9 endoplasms
  2 giant cockroaches (D:1)
  14 goblins
  17 hobgoblins
  11 jackals
  4 quokkas
  7 ball pythons
  9 bats
  2 frilled lizards
  A goblin skeleton (D:7)
  17 kobolds
  8 rats
1021 creatures vanquished.

Vanquished Creatures (collateral kills)
  2 ball lightnings
2 creatures vanquished.

Vanquished Creatures (others)
  A hydra (Lair:4)
  An anaconda (Snake:3)
  A naga warrior (Snake:2)
  3 death yaks (Lair:3)
  Amaemon (Lair:1)
  An orc knight (Orc:2)
  A manticore (D:14)
  2 black mambas
  A gargoyle (D:12)
  2 cane toads
  A troll (D:14)
  A komodo dragon (Lair:4)
  2 blink frogs
  17 yaks
  2 vampire mosquitoes
  2 nagas (Lair:3)
  A water moccasin (Lair:1)
  An orc warrior (Orc:2)
  A satyr simulacrum (Shoals:3)
  A human (D:9)
  A faun simulacrum (Shoals:3)
  A wight (D:9)
  A gnoll (Orc:2)
  55 ball lightnings
  29 fungi
  114 plants
244 creatures vanquished.

Grand Total: 1267 creatures vanquished

Notes
Turn   | Place    | Note
-------+----------+-------------------------------------------
     0 | D:1      | hnicke the Tengu Air Elementalist began the quest for the
                  | Orb.
     0 | D:1      | Reached XP level 1. HP: 10/10 MP: 4/4
   488 | D:1      | Reached XP level 2. HP: 15/15 MP: 3/6
   491 | D:1      | Learned a level 2 spell: Static Discharge
  1379 | D:1      | Reached XP level 3. HP: 19/19 MP: 3/7
  1914 | D:1      | Reached skill level 5 in Air Magic
  1918 | D:1      | Learned a level 3 spell: Swiftness
  2441 | D:2      | Noticed Sigmund
  2812 | D:2      | Found Tigier's Weapon Shoppe.
  3153 | D:2      | Found a runed translucent door.
  3153 | D:2      | Identified the +4 hammer "Hyxzum" {protect, rElec Will+
                  | Int+3}
  3161 | D:2      | Noticed Crazy Yiuf
  3484 | D:2      | Killed Crazy Yiuf
  3485 | D:2      | Reached XP level 4. HP: 24/24 MP: 2/8
  3748 | D:3      | Reached skill level 6 in Air Magic
  3748 | D:3      | Gained mutation: Your magical nature lets you fly swiftly
                  | and evasively. [Tengu growth]
  3748 | D:3      | Reached XP level 5. HP: 28/28 MP: 4/9
  3941 | D:3      | Noticed a black bear
  3959 | D:3      | Killed a black bear
  3960 | D:3      | Reached skill level 5 in Conjurations
  3960 | D:3      | Reached XP level 6. HP: 24/32 MP: 3/10
  4052 | D:4      | Found a shimmering blue altar of Sif Muna.
  4060 | D:4      | Reached skill level 7 in Air Magic
  4454 | D:3      | Found a bloodstained altar of Trog.
  4468 | D:3      | Found a transporter.
  4488 | D:3      | Found Qioniu's Assorted Antiques.
  4512 | D:3      | Found a transporter.
  4886 | D:3      | Found a hide-covered altar of Uskayaw.
  5144 | D:5      | Entered Level 5 of the Dungeon
  5144 | D:5      | Noticed a black bear
  5425 | D:4      | Reached skill level 8 in Air Magic
  6230 | D:4      | Found a snail-covered altar of Cheibriados.
  6415 | D:4      | Noticed Menkaure
  6497 | D:4      | Killed Menkaure
  6498 | D:4      | Reached skill level 1 in Shields
  6498 | D:4      | Reached XP level 7. HP: 19/36 MP: 8/11
  6716 | D:4      | Learned a level 4 spell: Airstrike
  6833 | D:4      | Reached skill level 9 in Air Magic
  6941 | D:4      | Found a radiant altar of Vehumet.
  6946 | D:4      | Became a worshipper of Vehumet
  7363 | D:5      | Noticed sausages's ghost (novice HOBe)
  7366 | D:5      | Found a transporter.
  7371 | D:5      | Found a transporter.
  7371 | D:5      | Noticed Edmund
  7596 | D:4      | Found a shimmering blue altar of Sif Muna.
  7812 | D:4      | Killed Edmund
  8081 | D:4      | Found a radiant altar of Vehumet.
  8311 | D:4      | Found a snail-covered altar of Cheibriados.
  8719 | D:5      | You are sucked into a shaft and drop 3 floors!
  8753 | D:8      | Reached XP level 8. HP: 34/41 MP: 3/12
  8853 | D:8      | Reached skill level 5 in Shields
  8949 | D:8      | Reached * piety under Vehumet
  8949 | D:8      | Offered knowledge of Freeze by Vehumet.
  8982 | D:8      | Noticed a yak
  9224 | D:8      | Reached skill level 5 in Spellcasting
  9275 | D:7      | Found a staircase to the Ecumenical Temple.
  9286 | Temple   | Entered the Ecumenical Temple
  9626 | D:4      | Found a sparkling altar of Nemelex Xobeh.
  9751 | D:2      | Killed Sigmund
  9752 | D:2      | Reached XP level 9. HP: 45/45 MP: 12/19
 10318 | D:5      | Reached skill level 1 in Fighting
 10488 | D:5      | Reached ** piety under Vehumet
 10488 | D:5      | Offered knowledge of Sandblast by Vehumet.
 11032 | D:5      | Found a burning altar of Makhleb.
 11439 | D:6      | Found a white marble altar of Elyvilon.
 11439 | D:6      | Found a sacrificial altar of Ru.
 11470 | D:6      | Reached skill level 5 in Fighting
 11685 | D:6      | Offered knowledge of Searing Ray by Vehumet.
 12283 | D:6      | Reached *** piety under Vehumet
 12386 | D:6      | Reached XP level 10. HP: 63/63 MP: 13/21
 12819 | D:6      | Found an iron altar of Okawaru.
 12819 | D:6      | Found a shadowy altar of Dithmenos.
 12836 | D:6      | Offered knowledge of Stone Arrow by Vehumet.
 12927 | D:6      | Found a glowing golden altar of the Shining One.
 13339 | D:7      | Found a runed translucent door.
 13342 | D:7      | Found a basalt altar of Yredelemnul.
 14370 | D:8      | Noticed Joseph
 15029 | D:8      | Killed Joseph
 15030 | D:8      | Reached skill level 10 in Fighting
 15157 | D:8      | Found a stormy altar of Qazlal.
 15594 | D:9      | Noticed Harold
 15595 | D:9      | Noticed Gastronok
 15599 | D:8      | Reached **** piety under Vehumet
 15767 | D:10     | Entered Level 10 of the Dungeon
 15828 | D:10     | Offered knowledge of Irradiate by Vehumet.
 15844 | D:10     | Learned a level 5 spell: Irradiate
 15897 | D:10     | Found a flagged portal.
 15902 | Bailey   | Entered a bailey
 16000 | Bailey   | Noticed an orc warlord
 16019 | Bailey   | Reached skill level 1 in Transmutations
 16067 | Bailey   | Found a runed translucent gate.
 16067 | Bailey   | Found a runed translucent gate.
 16141 | Bailey   | Found a runed translucent gate.
 16419 | Bailey   | Killed an orc warlord
 16420 | Bailey   | Reached skill level 10 in Conjurations
 16420 | Bailey   | Reached XP level 11. HP: 72/72 MP: 13/22
 16487 | Bailey   | Reached skill level 12 in Air Magic
 16487 | Bailey   | Reached XP level 12. HP: 77/77 MP: 23/23
 16597 | D:10     | Noticed a seven-headed hydra
 16935 | D:10     | Noticed a two-headed ogre
 16955 | D:10     | Killed a two-headed ogre
 17074 | D:10     | Noticed a two-headed ogre
 17090 | D:10     | Noticed a five-headed hydra
 17097 | D:10     | Killed a five-headed hydra
 17298 | D:10     | Killed a seven-headed hydra
 17438 | D:10     | Noticed a two-headed ogre
 17463 | D:10     | Killed a two-headed ogre
 17464 | D:10     | Reached skill level 5 in Dodging
 17469 | D:10     | Killed a two-headed ogre
 17628 | D:10     | Identified the ring of the Mutiny {rElec rF+ rC+ Int+6
                  | SInv}
 17703 | D:10     | Reached skill level 13 in Air Magic
 18608 | D:11     | Found a staircase to the Orcish Mines.
 18874 | D:11     | Reached skill level 14 in Air Magic
 18881 | D:11     | Reached ***** piety under Vehumet
 19118 | D:11     | Found an iron altar of Okawaru.
 19119 | D:11     | Noticed a centaur warrior
 19178 | D:11     | Offered knowledge of Fulminant Prism by Vehumet.
 19342 | D:11     | Reached XP level 13. HP: 52/82 MP: 16/24
 19360 | D:11     | Reached skill level 15 in Air Magic
 19876 | D:11     | Identified the +1 robe of Dithmenos's Generosity {rElec
                  | rCorr}
 19896 | D:11     | Reached skill level 16 in Air Magic
 21073 | D:11     | Identified the +11 trident of Obsession {freeze, rC- rCorr
                  | Str+4 Int+8}
 21511 | D:9      | Found an ancient bone altar of Kikubaaqudgha.
 22014 | D:9      | Killed Gastronok
 22197 | D:9      | Found a staircase to the Lair.
 22276 | D:9      | Killed Harold
 22348 | Lair:1   | Entered Level 1 of the Lair of Beasts
 22550 | Lair:1   | Reached skill level 5 in Transmutations
 22551 | Lair:1   | Reached skill level 1 in Summonings
 23306 | Lair:1   | Learned a level 3 spell: Summon Guardian Golem
 23799 | Lair:1   | Reached skill level 5 in Summonings
 24388 | Lair:1   | Noticed Amaemon
 24483 | Lair:1   | Killed Amaemon
 25224 | Lair:2   | Reached skill level 1 in Hexes
 26079 | Lair:2   | Reached XP level 14. HP: 88/88 MP: 25/25
 26920 | Lair:3   | Found a staircase to the Shoals.
 27487 | Lair:3   | Found a staircase to the Snake Pit.
 27938 | Lair:3   | Noticed Koydelapt's ghost (journeyman GnFi)
 27949 | Lair:3   | Found a transporter.
 27953 | Lair:3   | Found a transporter.
 27955 | Lair:3   | Found a bloodstained altar of Trog.
 29063 | Lair:4   | Found a viscous altar of Jiyva.
 29064 | Lair:4   | Found a staircase to the Slime Pits.
 29914 | Lair:4   | Identified the -2 kite shield of the Desert {rElec rPois
                  | rN++ Slay-4}
 30108 | Lair:5   | Entered Level 5 of the Lair of Beasts
 30916 | Lair:4   | Offered knowledge of Arcjolt by Vehumet.
 30926 | Lair:4   | Learned a level 5 spell: Arcjolt
 32426 | Lair:5   | Reached XP level 15. HP: 67/100 MP: 15/26
 32744 | Lair:5   | Got the Discourse on Discontinuous Air
 32755 | Lair:5   | Identified a scroll of acquirement
 32756 | Lair:5   | Acquired 930 gold pieces
 32788 | Lair:5   | Reached skill level 15 in Conjurations
 33596 | Lair:5   | Offered knowledge of Iron Shot by Vehumet.
 33906 | Lair:5   | Acquired the +1 hat of Greater Demons {rElec rF++ Int+5}
 34707 | D:5      | Killed sausages's ghost
 34799 | D:3      | Bought a large copper ring for 155 gold pieces
 35349 | D:11     | Identified the +0 robe of Weirdness {-Tele rPois Stlth+}
 35437 | Orc:1    | Entered Level 1 of the Orcish Mines
 35903 | Orc:2    | Entered Level 2 of the Orcish Mines
 36837 | Orc:2    | Found Uteaskui's Book Shoppe.
 36837 | Orc:2    | Found Kosmeono's Antique Armour Shop.
 36846 | Orc:2    | Bought a manual of Spellcasting for 1120 gold pieces
 36878 | Orc:2    | Bought a book of Storms for 448 gold pieces
 36888 | Orc:2    | Learned a level 5 spell: Lightning Bolt
 37079 | Orc:2    | Reached ****** piety under Vehumet
 37100 | Orc:2    | Offered knowledge of Fireball by Vehumet.
 37113 | Orc:2    | Found Atherr's Antique Armour Shoppe.
 37113 | Orc:2    | Found Qoracocw's Antique Armour Shop.
 37132 | Orc:2    | Found Gumipo Enkuy's Assorted Antiques.
 37328 | Orc:2    | Bought a book of the Senses for 448 gold pieces
 37328 | Orc:2    | Bought a book of Dangerous Friends for 560 gold pieces
 37435 | Orc:2    | Found a staircase to the Elven Halls.
 37524 | Orc:2    | Reached skill level 10 in Dodging
 37908 | Elf:1    | Entered Level 1 of the Elven Halls
 38593 | D:12     | Found an ancient bone altar of Kikubaaqudgha.
 40172 | D:13     | Found a hide-covered altar of Uskayaw.
 40741 | D:13     | Reached XP level 16. HP: 105/105 MP: 22/30
 41453 | D:13     | Reached skill level 10 in Spellcasting
 41593 | D:13     | Learned a level 7 spell: Orb of Destruction
 41817 | D:14     | Offered knowledge of Conjure Ball Lightning by Vehumet.
 41905 | D:14     | Found a gate to the Vaults.
 42206 | D:14     | Learned a level 6 spell: Conjure Ball Lightning
 42637 | D:14     | Noticed Azrael
 42641 | D:14     | Killed Azrael
 43094 | D:14     | Noticed Rupert
 43108 | D:14     | Killed Rupert
 43169 | D:15     | Entered Level 15 of the Dungeon
 43510 | D:15     | Found a sacrificial altar of Ru.
 43923 | D:15     | Found an opulent altar of Gozag.
 44935 | D:15     | Found a staircase to the Depths.
 45293 | Depths:1 | Entered Level 1 of the Depths
 45599 | Snake:1  | Entered Level 1 of the Snake Pit
 45601 | Snake:1  | Found a runed translucent gate.
 45602 | Snake:1  | Found a runed translucent gate.
 45603 | Snake:1  | Found a runed translucent gate.
 45604 | Snake:1  | Noticed Dulluad's ghost (adept DjFE)
 45604 | Snake:1  | Noticed benitares's ghost (adept DEFE)
 46240 | Snake:1  | Reached skill level 5 in Stealth
 47584 | Snake:1  | Found Ellanoak's CLEARANCE SALE!.
 47589 | Snake:1  | Bought a scroll of identify for 16 gold pieces
 48225 | Snake:2  | Offered knowledge of Eringya's Noxious Bog by Vehumet.
 48925 | Snake:2  | Reached XP level 17. HP: 101/110 MP: 32/36
 50711 | Snake:3  | Found a transporter.
 50943 | Snake:3  | Identified the +5 cloak of Happiness {rElec}
 51490 | Snake:3  | Found a transporter.
 51798 | Snake:4  | Entered Level 4 of the Snake Pit
 52160 | Snake:4  | Reached skill level 10 in Stealth
 52846 | Snake:4  | Learned a level 8 spell: Maxwell's Capacitive Coupling
 53057 | Snake:4  | Reached skill level 17 in Air Magic
 53172 | Snake:4  | Offered knowledge of Ignition by Vehumet.
 53616 | Snake:4  | Reached skill level 18 in Air Magic
 54390 | Snake:4  | Reached XP level 18. HP: 116/116 MP: 26/37
 54422 | Snake:4  | Got a serpentine rune of Zot
 54988 | Shoals:1 | Entered Level 1 of the Shoals
 55667 | Shoals:1 | Identified the +2 quarterstaff "Moaly" {flame, rElec rN+
                  | Int-4 Dex+3}
 55671 | Shoals:1 | Reached skill level 19 in Air Magic
 55686 | Shoals:1 | Noticed Nikola
 55692 | Shoals:1 | Killed Nikola
 55874 | Shoals:1 | Identified the +5 chain mail "Fellati" {rN+}
 55991 | Shoals:1 | Identified the +5 broad axe "Newt's Death Toll" {flame,
                  | rElec SInv}
 56271 | Shoals:2 | Found Ruononiwk's Magic Scroll Boutique.
 56279 | Shoals:2 | Bought a scroll of blinking for 105 gold pieces
 56662 | Shoals:2 | Identified the ring of Jojuah {rF++ Dex+3 SInv}
 57232 | Shoals:3 | Reached skill level 20 in Air Magic
 57510 | Shoals:3 | Identified the +1 robe of Inference {rC+ Will- Str+4
                  | Stlth+}
 57812 | Shoals:3 | Found a runed translucent gate.
 57814 | Shoals:3 | Found a runed translucent gate.
 57815 | Shoals:3 | Found a runed translucent gate.
 57858 | Shoals:3 | Identified the +9 dagger of Demonkind {protect, +Blink MP+9
                  | Dex-3 Stlth+}
 58325 | Shoals:3 | Reached skill level 21 in Air Magic
 58927 | Shoals:4 | Entered Level 4 of the Shoals
 58939 | Shoals:4 | Noticed Ilsuiw
 58944 | Shoals:4 | Killed from afar by a merfolk aquamancer

Illustrated notes

Levels and vault maps discovered:
D:1:      pf_arrival_petrified_forest, layout_rooms
D:2:      layout_basic, serial_shops, shop, kennysheep_decorative_pillar,
          uniq_crazy_yiuf_cottage, uniq_sigmund
D:3:      layout_rooms, lemuel_crystal_altar, gammafunk_temple_overflow_arena,
          serial_shops, shop_statue
D:4:      minmay_skewed_foursquare, layout_loops_ring,
          overflow_temple_1_default, marbit_many_paths,
          nemelex_dance_club_becter, mainiacjoe_overflow_cross_hatched,
          uniq_menkaure
D:5:      layout_loops_ring, makhleb_blood_cavern_becter, gammafunk_ghost_hive,
          uniq_edmund
D:6:      minmay_recursive_quarters, layout_loops_corners,
          chequers_temple_overflow_statue_of_worship,
          grunt_temple_overflow_open, mainiacjoe_overflow_six_doors_small,
          nicolae_figureground_pulse
D:7:      layout_loops_corners, dk_yredelemnul_ordeal,
          minmay_temple_entry_waves, kennysheep_opposing_triangles
D:8:      layout_rooms, nicolae_qazlal_scattered_showers, uniq_joseph
D:9:      layout_basic, tgw_kikubaaqudgha, lair_entry_dummy, uniq_harold,
          uniq_gastronok
D:10:     hangedman_cross_cluster, layout_gridville, enter_bailey_2, eino_jars
D:11:     evilmike_iron_armoury, layout_stronghold,
          minmay_orc_entry_temple_small, portal_ice_cave_entry_pillars_2
D:12:     hourglass_vault, layout_grid_maze, minmay_misc_feat_pillars,
          nicolae_kikubaaqudgha_miasma_corner
D:13:     layout_roguey, dancing_weapons_uskayaw
D:14:     layout_basic, erik_vaults_1, roderic_lattice_a,
          hangedman_abyss_or_decor_lesser_grid, kennysheep_generic_room_14,
          uniq_azrael, uniq_rupert
D:15:     grunt_enter_depths_hoard, layout_basic,
          nicolae_gozag_cash_rules_everything_around_me,
          nicolae_ru_path_of_blood
Temple:   nicolae_temple_ecumenical_triangle
Lair:1:   layout_loops_ring, infiniplex_staircase_pool_2, uniq_amaemon
Lair:2:   layout_roguey, nicolae_lair_grove_arrangements, roderic_carrion_pond
Lair:3:   layout_gridlike, elwin_shoals_entry_rooms,
          guppyfry_snake_entry_garden, gammafunk_ghost_wrathful_warriors
Lair:4:   layout_roguey, dpeg_slime_entry_corner, lemuel_fruit_fields,
          lemuel_fruit_tree, serial_bayou_shore_b
Lair:5:   minmay_lair_end_frog_pond, layout_hall_layers,
          chequers_serial_rivers_micro_a, grunt_megastairs_3,
          infiniplex_staircase_pool
Shoals:1: layout_shoals, uniq_nikola
Shoals:2: layout_shoals, serial_shops, shop_fountains, nicolae_shoals_land_atoll
Shoals:3: layout_shoals, nicolae_shoals_beach_cooler
Shoals:4: shoals_end_grunt_ice, layout_shoals, shoals_ilsuiw_alternative
Snake:1:  cheibrodos_snake_ritualist_ritual, layout_chambers,
          gammafunk_ghost_cemetery, nicolae_snake_double_loop,
          nicolae_shop_clearance, serial_bayou_shore_a
Snake:2:  layout_honeycomb, nicolae_snake_lava_pool
Snake:3:  gammafunk_the_bubble [the_bubble_gammafunk_plus_minus],
          layout_concentric_octagons, nicolae_triple_integral
Snake:4:  snake_pit, layout_onion
Orc:1:    layout_caves
Orc:2:    st_orc_town, layout_caves, serial_shops, shop
Elf:1:    nicolae_elf_arrival_fired_up, layout_geoelf_diagonals, serial_shops,
          nicolae_shop_bloodbath_and_beyond, basic_altar, evilmike_minifort,
          billiards_dpeg
Depths:1: minmay_dotted_concentric_squares, layout_basic, abyss_entry_crystal,
          mu_enter_wizlab_7, hangedman_decor_lopped, hell_entry,
          minmay_crystal_room, serial_bayou_lagoon_a,
          grunt_dithmenos_smoke_and_mirrors, uniq_saint_roka

Skill      XL: |  1  2  3  4  5  6  7  8  9 10 11 12 13 14 15 16 17 18 |
---------------+-------------------------------------------------------+-----
Conjurations   | 2 4 5 10 12 14 16 17 | 17.4
Air Magic      | 5 6 8 9 12 14 16 18 21 | 21.4
Shields        | 1 4 5 8 |  8.0
Spellcasting   | 6 7 9 14 | 14.5
Fighting       | 7 10 13 14 | 14.0
Transmutations | 2 5 |  5.0
Dodging        | 6 10 | 10.0
Summonings     | 7 8 |  8.0
Hexes          | 2 4 |  4.0
Stealth        | 6 10 | 10.0

Action                   |  1- 3 |  4- 6 |  7- 9 | 10-12 | 13-15 | 16-18 || total
-------------------------+-------+-------+-------+-------+-------+-------++-------
Melee: Unarmed           |     3 |       |       |       |       |       ||     3
       Dagger            |    14 |       |       |       |       |       ||    14
       Kick              |     2 |     7 |     6 |    16 |    64 |    11 ||   106
       Peck              |     2 |     4 |     3 |    15 |    30 |     7 ||    61
       Mace              |       |    35 |    26 |    62 |       |       ||   123
       Staff             |       |       |       |     3 |   167 |    26 ||   196
 Cast: Shock             |    81 |    59 |   180 |   128 |   137 |     7 ||   592
       Static Discharge  |     2 |     3 |    47 |    62 |   106 |    17 ||   237
       Swiftness         |     1 |     1 |     1 |     1 |     6 |     2 ||    12
       Airstrike         |       |       |    26 |   107 |   358 |   260 ||   751
       Irradiate         |       |       |       |    10 |    38 |     8 ||    56
       Summon Guardian G |       |       |       |       |    61 |    16 ||    77
       Arcjolt           |       |       |       |       |    71 |   116 ||   187
       Lightning Bolt    |       |       |       |       |    11 |    98 ||   109
       Conjure Ball Ligh |       |       |       |       |       |    24 ||    24
       Orb of Destructio |       |       |       |       |       |     2 ||     2
       Maxwell's Capacit |       |       |       |       |       |    13 ||    13
  Use: Scroll            |     2 |     3 |     5 |    11 |    17 |     5 ||    43
       Potion            |       |       |     1 |     1 |     3 |     1 ||     6
 Stab: Sleeping          |       |     2 |     3 |     2 |     1 |     1 ||     9
       Distracted        |       |       |       |       |     1 |       ||     1
Armor: Robe              |    18 |     4 |       |       |    25 |       ||    47
       Leather armour    |       |    18 |    33 |    48 |    40 |       ||   139
       Troll leather arm |       |       |       |       |    26 |    26 ||    52
Dodge: Dodged            |    40 |    35 |    55 |   126 |   289 |   168 ||   713
Block: Buckler           |       |       |    29 |    50 |    66 |       ||   145
       Kite shield       |       |       |       |       |   154 |   130 ||   284
       Reflection        |       |       |       |       |       |     8 ||     8

Table legend: (Time is in decaauts)
 A = Elapsed time spent in this place.
 B = Non-inter-level travel time spent in this place.
 C = Inter-level travel time spent in this place.
 D = Time resting spent in this place.
 E = Time spent auto-exploring this place.
 F = Levels seen in this place.
 G = Mean time per level.
                   A        B        C        D        E       F      G
               +--------+--------+--------+--------+--------+-----+--------+
         Total |  56379 |  52570 |   3809 |  24091 |  16221 |  34 | 1658.2 |
       Dungeon |  28266 |  26018 |   2248 |  11681 |   8095 |  15 | 1884.4 |
        Temple |     39 |     34 |      5 |      0 |     28 |   1 |   39.0 |
          Lair |  12425 |  11632 |    793 |   5724 |   3346 |   5 | 2485.0 |
        Shoals |   3478 |   3408 |     70 |   1133 |   1493 |   4 |  869.5 |
     Snake Pit |   8841 |   8296 |    545 |   4624 |   2309 |   4 | 2210.2 |
  Orcish Mines |   2761 |   2615 |    146 |    894 |    822 |   2 | 1380.5 |
   Elven Halls |      1 |      1 |      0 |      0 |      0 |   1 |    1.0 |
        Depths |      3 |      3 |      0 |      0 |      0 |   1 |    3.0 |
        Bailey |    562 |    562 |      0 |     32 |    125 |   1 |  562.0 |
               +--------+--------+--------+--------+--------+-----+--------+

Top non-repeatable levels by time:
     D:4: 3800 daAuts
  Lair:4: 3770 daAuts
 Snake:3: 2895 daAuts
     D:1: 2591 daAuts
  Lair:3: 2537 daAuts
  Lair:1: 2521 daAuts
    D:11: 2476 daAuts
    D:10: 2471 daAuts
 Snake:1: 2353 daAuts
    D:15: 2053 daAuts
  Lair:5: 2006 daAuts
 Snake:2: 1853 daAuts
     D:6: 1817 daAuts
 Snake:4: 1739 daAuts
   Orc:2: 1692 daAuts
